Tolliver Groat, neutral female gnomish Tourist ------------ |...........# |..a..<....| |.@af.%....| ------------ Tolliver Groat the Sightseer Experience level: 4 Strength: 12 Dexterity: 10 Constitution: 8 Intelligence: 12 Wisdom: 10 Charisma: 19 Health: 0(22) Energy: 15(15) Def: 1 Gold: 1081 Moves: 2366 Dungeon seed: 6Xjcoe9GdDop0ehM Game ID: Tolliver Groat_1529593085 Your Inventory: Coins $ - 1081 gold pieces Weapons a - 43 uncursed +2 darts (in quiver) o - an uncursed +2 aklys (weapon in hand) Armor l - an uncursed +0 Hawaiian shirt (being worn) q - an uncursed +0 pair of water walking boots (being worn) Comestibles b - 7 uncursed food rations d - 2 uncursed tripe rations f - an uncursed eucalyptus leaf Scrolls j - 4 uncursed scrolls of magic mapping v - an uncursed scroll of light D - an uncursed scroll of teleportation L - an uncursed scroll of enchant armor N - an uncursed scroll of identify U - 2 uncursed scrolls of scare monster W - 3 uncursed scrolls of blank paper Spellbooks V - an uncursed spellbook of extra healing Potions t - an uncursed potion of gain level z - an uncursed potion of object detection C - an uncursed potion of enlightenment Wands m - an uncursed wand of secret door detection (0:13) r - an uncursed wand of enlightenment (0:14) s - an uncursed wand of opening (0:4) Tools e - an uncursed skeleton key k - an uncursed expensive camera (0:61) n - an uncursed leather drum named MOON OF PEJENG p - an uncursed magic whistle M - an uncursed magic marker (0:56) P - an uncursed stethoscope Spells and supernatural/magical abilities: Name Level Category Fail Memory k - knock 1 matter 19% 93% s - slow monster 1 enchantment 19% 92% x - extra healing 3 healing 100% 98% O - create monster 2 clerical 100% 92% W - pray for help -- divine ? -- Your skills at the end: Miscellaneous Skills wands [Basic] Weapon Skills club [Basic] dart [Basic] Spellcasting Skills Final Attributes: You were devoutly aligned. Your writing hand was ok. You had infravision. You were stealthy. You could walk on water. You are dead. Vanquished creatures: a fog cloud a paper golem 4 hill orcs a jitterbug an acid blob 3 geckos 3 giant rats 2 brown molds a green mold a gnome zombie 4 jackals 2 kobolds a newt 2 goblins 2 sewer rats a bat 4 lichens 2 kobold zombies 36 creatures vanquished. Voluntary challenges: You were vegetarian. You did not adorn yourself with jewelry or accessories. You did not cause conflict. You were not invisible. You did not have reflection. You were not displaced. You used a wielded weapon 38 times, starting on turn 2. You did not apply a unicorn horn. You did not use plumbed fixtures. You read items or engraved 16 times, starting on turn 676. You never genocided any monsters. You never polymorphed an object. You never changed form. You used no wishes. You never split a pudding. You never wrote Elbereth's name. You never violated your personal moral code. Dungeon overview: The Dungeons of Doom: levels 1 to 6 Level 1 an altar to The Lady, a fountain a long staircase Level 2 a general store, a fountain Level 3 a fountain Level 4 an altar to The Lady a long staircase Level 5 Level 6 <- You were here History has recorded: On T:1 you entered the Dungeons of Doom to retrieve the Amulet of Yendor! On T:388 you reached level 2 of The Dungeons of Doom. On T:471 you advanced to experience level 2. On T:651 you reached level 3 of The Dungeons of Doom. On T:945 you advanced to experience level 3. On T:1561 you reached level 4 of The Dungeons of Doom. On T:1910 you reached level 5 of The Dungeons of Doom. On T:1913 you advanced to experience level 4. On T:2357 you reached level 6 of The Dungeons of Doom. Score breakdown: Gold: 502 ( 50 points) Experience: 4 levels ( 300 points) Exploration: 6 levels ( 150 points) Discoveries: 20 items ( 1000 points) Variety of kills: 18 monsters ( 900 points) Major goal: (nothing yet) ( 0 points) Survival: died (score multiplied by 3) Total score: 7200 Latest messages: You see here a kobold corpse. Coco misses the killer bee. The killer bee stings Coco. Coco misses the killer bee. (3x) You see here a food ration. You miss the killer bee. The killer bee stings! (6x) That is a silly thing to drink. That is a silly thing to drink. You feel much better. Coco misses the killer bee. The killer bee stings! (2x) You miss the killer bee. Coco misses the killer bee. The killer bee stings! (2x) Coco misses the killer bee. The killer bee stings! (2x) The killer bee's sting was poisoned! You die... Final status: Aloha Tolliver Groat the Tourist, poisoned by a killer bee... You died in The Dungeons of Doom on dungeon level 6 with 7200 points, and 1081 pieces of gold, after 2366 moves. You were level 4 with a maximum of 22 hit points when you died.